 Dungeon Crawl Stone Soup version 0.29-a0-994-gc5c9f59d18 (webtiles) character file.

Game seed: 8469797647475730826

56 coolguy69 the Sneak (level 3, -2/20 HPs)
             Began as a Vine Stalker Monk on Aug 3, 2022.
             Slain by a gnoll
             ... wielding a +0 flail
              (11 damage)
             ... on level 2 of the Dungeon.
             The game lasted 00:01:43 (3201 turns).

coolguy69 the Sneak (Vine Stalker Monk)             Turns: 3201, Time: 00:01:43

Health: -2/20      AC:  4    Str: 15    XL:     3   Next: 97%
Magic:  0/4        EV: 12    Int: 10    God:
Gold:   83         SH:  0    Dex: 16    Spells: 2/2 levels left

rFire   . . .      SeeInvis .   a - +0 short sword
rCold   + . .      Faith    .   (no shield)
rNeg    . . .      Spirit   +   k - +0 leather armour
rPois   .          Reflect  .   (no helmet)
rElec   .          Harm     .   (no cloak)
rCorr   .          Rampage  .   (no gloves)
Will    .....                   j - +0 pair of boots
Stlth   ++........              d - amulet of regeneration
HPRegen 0.86/turn               h - ring of protection from cold
MPRegen 0.09/turn               (no ring)

@: no status effects
A: fangs 2, magic shield, antimagic bite, no potion heal 2
a: no special abilities


You were on level 2 of the Dungeon.
You visited 1 branch of the dungeon, and saw 2 of its levels.

You collected 83 gold pieces.

Inventory:

Hand Weapons
 a - a +0 short sword (weapon)
Armour
 j - a +0 pair of boots (worn)
 k - a +0 leather armour (worn)
Jewellery
 b - a ring of positive energy
 d - an amulet of regeneration (around neck)
 h - a ring of protection from cold (left hand)
Scrolls
 e - 2 scrolls of blinking {unknown}
 f - a scroll of teleportation {unknown}
 g - a scroll of fear {unknown}
Potions
 c - a potion of ambrosia
 i - a potion of might {unknown}
 l - a potion of flight {unknown}


   Skills:
 + Level 3.1 Fighting
 + Level 3.1 Short Blades
 + Level 3.0 Dodging
 + Level 3.2 Stealth


You had 2 spell levels left.
You didn't know any spells.
Your spell library was empty.

Dungeon Overview and Level Annotations

Branches:
Dungeon (2/15)

Altars:


Innate Abilities, Weirdness & Mutations

You have extremely sharp teeth.
When hurt, damage is shared between your health and your magic reserves.
Your bite disrupts and absorbs the magic of your enemies.
Potions cannot restore your health.


Message History

You feel sick. The adder barely misses you.
You hit the adder. Your bite misses the adder.
The adder is almost dead.
You feel sick. The adder bites you but does no damage.
The adder closely misses you.
You barely miss the adder. Your bite misses the adder.
The adder is almost dead.
You feel sick. The adder barely misses you.
You hit the adder.
You kill the adder!
You feel sick.
Your Dodging skill increases to level 3!
No target in view!
No target in view!
No target in view!
You feel sick.
You are no longer poisoned.
HP restored.
You now have 83 gold pieces (gained 12). 2 gnolls come into view.
A gnoll comes into view. It is wielding a +0 spear.
The gnoll shouts!
There are monsters nearby!
There are monsters nearby!
Found 3 stones.
There are monsters nearby!
You hit the gnoll.
The gnoll is moderately wounded.
The gnoll closely misses you.
The gnoll hits you from afar with a +0 spear!
There are monsters nearby!
You hit the gnoll but do no damage. Your bite misses the gnoll.
The gnoll is moderately wounded.
The gnoll hits you but does no damage. The gnoll misses you.
The gnoll hits you from afar with a +0 spear.
You closely miss the gnoll. Your bite misses the gnoll.
The gnoll is moderately wounded.
The gnoll hits you with a +0 whip. The gnoll hits you with a +0 flail!
Ouch! That really hurt!
You die...

#. ##.##############
(................
#..............
#............#
#............###
#.....$.....>...
#....g@......#
#.....g......#
#...g........#
#............#
#............# #
#............######.#
#...................#.#
################........
#.....# #.....####.#


You could see 3 gnolls.

Vanquished Creatures
  2 adders (D:2)
  A ball python (D:1)
  2 endoplasms
  2 giant cockroaches (D:1)
  A goblin (D:1)
  4 hobgoblins (D:1)
  6 jackals (D:1)
  4 kobolds
  2 quokkas (D:2)
  4 bats
  A frilled lizard (D:1)
  5 rats
34 creatures vanquished.

Vanquished Creatures (others)
  4 toadstools (D:1)
4 creatures vanquished.

Grand Total: 38 creatures vanquished

Notes
Turn   | Place    | Note
-------+----------+-------------------------------------------
     0 | D:1      | coolguy69 the Vine Stalker Monk began the quest for the
                  | Orb.
     0 | D:1      | Reached XP level 1. HP: 11/11 MP: 2/2
   994 | D:1      | Reached XP level 2. HP: 16/16 MP: 1/3
  1995 | D:1      | Reached XP level 3. HP: 2/19 MP: 1/4
  2411 | D:1      | Found a faded altar of an unknown god.
  3201 | D:2      | Slain by a gnoll

Illustrated notes

Levels and vault maps discovered:
D:1:      ldierk_walled_garden_2, layout_basic,
          chequers_ecumenical_altar_simple, amcnicky_mini_pool_small,
          bh_walls_and_bars
D:2:      layout_basic, minmay_misc_feat_five

Skill      XL: |  1  2  3 |
---------------+----------+-----
Short Blades   | 3 |  3.1
Fighting       | 3 |  3.1
Stealth        | 3 |  3.2
Dodging        | 3 |  3.0

Action                   || total
-------------------------++-------
Melee: Short sword       ||   121
       Bite              ||    31
 Stab: Sleeping          ||     5
Armor: Robe              ||    28
       Leather armour    ||     2
Dodge: Dodged            ||    92

Table legend: (Time is in decaauts)
 A = Elapsed time spent in this place.
 B = Non-inter-level travel time spent in this place.
 C = Inter-level travel time spent in this place.
 D = Time resting spent in this place.
 E = Time spent auto-exploring this place.
 F = Levels seen in this place.
 G = Mean time per level.
                   A        B        C        D        E       F      G
               +--------+--------+--------+--------+--------+-----+--------+
         Total |   3195 |   3032 |    163 |   1524 |   1199 |   2 | 1597.5 |
       Dungeon |   3195 |   3032 |    163 |   1524 |   1199 |   2 | 1597.5 |
               +--------+--------+--------+--------+--------+-----+--------+

Top non-repeatable levels by time:
     D:1: 2935 daAuts
     D:2: 260 daAuts
